 Dungeon Crawl Stone Soup version 0.31-a0-705-ga145531891 (webtiles) character file.

Game seed: 3968103534133469671

12226 randomguy2701 the Cleaver (level 11, -3/99 HPs)
             Began as a Hill Orc Fighter on Sept 10, 2023.
             Was an Elder of Beogh.
             Slain by a komodo dragon (26 damage)
             ... on level 1 of the Lair of Beasts.
             The game lasted 00:17:14 (11619 turns).

randomguy2701 the Cleaver (Hill Orc Fighter)       Turns: 11619, Time: 00:17:17

Health: -3/99      AC: 20    Str: 20    XL:     11   Next: 90%
Magic:  11/13      EV: 12    Int:  8    God:    Beogh [****..]
Gold:   372        SH:  6    Dex: 14    Spells: 10/10 levels left

rFire   . . .        O - +2 hand axe (heavy)
rCold   . . .        c - +0 buckler
rNeg    . . .        a - +0 plate armour "Mofobb" {Harm rCorr}
rPois   .            (no helmet)
rElec   .            (no cloak)
rCorr   +            B - +0 pair of gloves
SInv    +            P - +0 pair of boots
Will    .....        (no amulet) Stlth
                     f - +5 ring of evasion
HPRegen 0.36/turn    r - ring of see invisible
MPRegen 0.13/turn

%: harm (+30% outgoing, +20% incoming)
@: no status effects
A: iridescent scales 1, see invisible, mutation resistance 1
a: Renounce Religion, Smiting, Recall Orcish Followers


You were on level 1 of the Lair of Beasts.
You worshipped Beogh.
Beogh was greatly pleased with you.
You visited 2 branches of the dungeon, and saw 10 of its levels.
You also visited: Sewer.

You collected 514 gold pieces.
You spent 142 gold pieces at shops.

Inventory:

Hand Weapons
 O - a +2 heavy hand axe (weapon)
Missiles
 z - a throwing net
Armour
 a - the +0 plate armour "Mofobb" (worn) {Harm rCorr}
   (You bought it in a shop on level 7 of the Dungeon)

   rCorr:     It protects you from acid and corrosion.
   Harm:      It increases damage dealt and taken.
 c - a +0 buckler (worn)
 B - a +0 pair of gloves (worn)
 P - a +0 pair of boots (worn)
Jewellery
 e - a ring of wizardry
 f - a +5 ring of evasion (left hand)
 m - a ring of fire
 r - a ring of see invisible (right hand)
 v - an amulet of faith
 J - a ring of poison resistance
 K - a +6 ring of intelligence
 L - an amulet of magic regeneration
 Q - a ring of magical power
 T - the ring of Teuptuit {rElec rN+ Int+2 Stlth+}
   (You took it off a skeletal warrior on level 9 of the Dungeon)

   [ring of positive energy]

   Int+2:     It affects your intelligence (+2).
   rElec:     It insulates you from electricity.
   rN+:       It protects you from negative energy.
   Stlth+:    It makes you more stealthy.
Wands
 n - a wand of iceblast (7)
 H - a wand of quicksilver (17)
 I - a wand of charming (2)
 N - a wand of flame (23)
Scrolls
 b - a scroll of torment {unknown}
 g - 2 scrolls of identify
 h - 2 scrolls of blinking
 i - a scroll of brand weapon {unknown}
 j - 2 scrolls of vulnerability {unknown}
 k - 2 scrolls of fog {unknown}
 l - a scroll of poison {unknown}
 o - 3 scrolls of enchant armour {unknown}
 q - 3 scrolls of fear {unknown}
 u - a scroll of teleportation {unknown}
 w - a scroll of noise {unknown}
 y - a scroll of silence {unknown}
 E - a scroll of summoning {unknown}
 F - 2 scrolls of revelation {unknown}
 G - a scroll of amnesia {unknown}
 M - a scroll of enchant weapon {unknown}
Potions
 d - 3 potions of might
 p - 4 potions of brilliance
 s - 2 potions of attraction
 t - a potion of cancellation
 x - a potion of resistance
 A - 2 potions of invisibility
 C - 3 potions of curing
 D - a potion of magic
 R - a potion of lignification {unknown}
 S - a potion of berserk rage {unknown}
 U - 2 potions of enlightenment {unknown}


   Skills:
 + Level 9.6 Fighting
 + Level 14.5 Axes
 + Level 11.1 Armour
 + Level 3.6 Dodging
 + Level 1.4 Stealth
 + Level 7.8 Shields
 * Level 3.4 Invocations
 + Level 1.4 Evocations


You had 10 spell levels left.
You didn't know any spells.
Your spell library contained the following spells:

 Spells                   Type           Power      Damage    Failure   Level
 Freeze                   Ice            0%         1d3       100%        1
 Wereblood                Tmut           0%         N/A       100%        2
 Frozen Ramparts          Ice            0%         1d1       100%        3
 Tukima's Dance           Hex            0%         N/A       100%        3
 Animate Armour           Summ/Erth      0%         N/A       100%        4
 Passage of Golubria      Tloc           0%         N/A       100%        4
 Summon Ice Beast         Ice/Summ       0%         N/A       100%        4
 Summon Lightning Spire   Summ/Air       0%         N/A       100%        4
 Vhi's Electric Charge    Tloc/Air       0%         N/A       100%        4
 Arcjolt                  Conj/Air       0%         1d10      100%        5
 Lee's Rapid Deconstruct  Erth           0%         3d4*      100%        5
 Yara's Violent Unravell  Hex/Tmut       0%         3d3       100%        5
 Plasma Beam              Fire/Air       0%         2x1d10    100%        6


Dungeon Overview and Level Annotations

Branches:
Dungeon (9/15)             Temple (0/1) D:7            Lair (1/5) D:8
    Orc (0/2) D:9           Sewer (visited)

Altars:
Dithmenos
Fedhas
Kikubaaqudgha
Makhleb
Nemelex Xobeh
Ru
Uskayaw
Zin
The Shining One

Shops:
D:4 [   D:5 !*   D:6 ?   D:7 *

Annotations:
D:5 2 transporters, freelancePsychic's ghost, amateur DEBr
D:6 2 transporters, randomguy2701's ghost, novice HOFi
D:9 1 runed translucent door, Palms's ghost, journeyman FoFi


Innate Abilities, Weirdness & Mutations

You are partially covered in iridescent scales. (AC +2)
You have supernaturally acute eyesight. (SInv)
You are somewhat resistant to further mutation.


Message History

The blink frog is lightly wounded.
You slash the blink frog! You barely miss the yak.
The blink frog closely misses you. The yak completely misses you.
The blink frog completely misses you. The blink frog closely misses you.
You closely miss the blink frog.
The blink frog is severely wounded.
You hit the yak. You closely miss the blink frog.
The blink frog barely misses you. The blink frog closely misses you.
You block the yak's attack.
You slash the blink frog!
You kill the blink frog!
Beogh accepts your kill.
You slash the yak! You slash the blink frog! You barely miss the yak.
The blink frog hits you! The yak gores you but does no damage.
The yak barely misses you. The blink frog hits you!
You miss the blink frog.
The blink frog is heavily wounded.
You hit the yak. x3; The blink frog hits you!
The blink frog blinks!
You block the yak's attack. The yak gores you. The yak completely misses you.
You slice the yak!!
You kill the yak!
Beogh accepts your kill.
You closely miss the blink frog. You hit the yak. x2
The blink frog hits you but does no damage.
The yak closely misses you. You block the yak's attack.
Unknown command.
You begin recalling your allies.
Warrok is recalled.
You finish recalling your allies.
You block the blink frog's attack. The komodo dragon bites you.
The yak gores you! x2
* * * LOW HITPOINT WARNING * * *
The blink frog hits you but does no damage.
Warrok closely misses the blink frog.
You hit the blink frog.
The blink frog is severely wounded.
You slash the yak! x2; You closely miss the komodo dragon.
The blink frog hits you.
* * * LOW HITPOINT WARNING * * *
The komodo dragon bites you!!
You die...

#.> #... ####...# ###
##.
.#.#...####.########....
.................Y......
.............=.F@Y>.....
................ol...$..
........................
##......############.#
#...#### # #...# #...#
##...# #....#


You could see a komodo dragon, 2 yaks, a blink frog (ally target) and the
friendly Warrok the orc knight.

Vanquished Creatures
  A two-headed ogre (D:9)
  A tengu warrior (D:9)
  A deep elf zephyrmancer (D:9)
  A cyclops (D:9)
  A hornet (D:9)
  Prince Ribbit (D:5)
  6 blink frogs
  11 yaks
  A wyvern (D:8)
  Grum (D:8)
  A basilisk (Lair:1)
  A wraith (D:9)
  Eustachio (D:5)
  A steam dragon (D:8)
  5 water moccasins
  4 ice beasts
  4 orc warriors
  2 black bears
  A sky beast (D:6)
  3 ogres
  4 wolves
  4 centaurs
  A phantom (D:5)
  9 kobold brigands
  2 scorpions
  4 bullfrogs
  2 wights (D:9)
  5 killer bees (D:7)
  6 howler monkeys
  2 jellies
  A gnoll bouda (D:5)
  3 hounds
  8 orc priests
  2 sleepcaps
  4 iguanas
  14 orc wizards
  11 gnolls
  15 adders
  3 river rats
  An ufetubus (D:7)
  4 worms
  A dart slug (D:2)
  38 orcs
  11 endoplasms
  2 giant cockroaches (D:3)
  5 goblins
  6 hobgoblins
  4 jackals (D:1)
  21 kobolds
  2 quokkas
  13 ball pythons
  4 bats
  3 frilled lizards (D:1)
  10 rats
  A spectral kobold (D:2)
274 creatures vanquished.

Vanquished Creatures (collateral kills)
  A skeletal warrior (D:9)
  A hornet (D:9)
  A shadow (D:9)
  2 yaks (Lair:1)
  3 orc warriors (D:9)
  5 wolves (Lair:1)
  2 orc priests (D:9)
  2 orc wizards (D:9)
  2 orcs (D:9)
19 creatures vanquished.

Vanquished Creatures (others)
  A centaur warrior (D:9)
  2 orc warriors (Lair:1)
  A human (D:6)
  3 orc wizards
  8 orcs
15 creatures vanquished.

Grand Total: 308 creatures vanquished

Notes
Turn   | Place    | Note
-------+----------+-------------------------------------------
     0 | D:1      | randomguy2701 the Hill Orc Fighter began the quest for the
                  | Orb.
     0 | D:1      | Reached XP level 1. HP: 19/19 MP: 1/1
   175 | D:1      | Reached XP level 2. HP: 27/27 MP: 2/2
   339 | D:1      | Reached skill level 3 in Axes
   542 | D:2      | Reached XP level 3. HP: 33/33 MP: 3/3
   578 | D:2      | Found a faded altar of an unknown god.
   981 | D:3      | Reached skill level 4 in Axes
   981 | D:3      | Reached XP level 4. HP: 40/40 MP: 4/4
  1056 | D:3      | Found a glowing drain.
  1078 | Sewer    | Entered a sewer
  1130 | Sewer    | Noticed a kobold brigand
  1147 | Sewer    | Killed a kobold brigand
  1148 | Sewer    | Reached XP level 5. HP: 35/46 MP: 5/5
  1206 | Sewer    | Noticed a kobold brigand
  1220 | Sewer    | Killed a kobold brigand
  1221 | Sewer    | Reached skill level 5 in Axes
  1306 | Sewer    | Noticed a kobold brigand
  1320 | Sewer    | Killed a kobold brigand
  1321 | Sewer    | Reached XP level 6. HP: 27/53 MP: 6/6
  1452 | Sewer    | Reached skill level 1 in Dodging
  1501 | Sewer    | Gained mutation: You are partially covered in iridescent
                  | scales. (AC +2) [potion of mutation]
  1501 | Sewer    | Gained mutation: You have supernaturally acute eyesight.
                  | (SInv) [potion of mutation]
  1501 | Sewer    | Gained mutation: You are somewhat resistant to further
                  | mutation. [potion of mutation]
  1517 | Sewer    | Reached skill level 6 in Axes
  1860 | Sewer    | Reached skill level 5 in Armour
  1860 | Sewer    | Reached XP level 7. HP: 60/60 MP: 7/7
  2793 | D:3      | Found a shadowy altar of Dithmenos.
  3105 | D:4      | Reached skill level 7 in Axes
  3597 | D:4      | Found Byriet's Antique Armour Shop.
  3635 | D:4      | Reached skill level 5 in Fighting
  3635 | D:4      | Reached XP level 8. HP: 59/68 MP: 8/8
  3861 | D:4      | Found a sacrificial altar of Ru.
  3924 | D:5      | Entered Level 5 of the Dungeon
  3972 | D:5      | Noticed freelancePsychic's ghost (amateur DEBr)
  3983 | D:5      | Found a transporter.
  3988 | D:5      | Found a transporter.
  4014 | D:5      | Reached skill level 8 in Axes
  4141 | D:5      | Found Juimumo's Distillery.
  4142 | D:5      | Became a worshipper of Beogh the Brigand
  4142 | D:5      | Noticed Prince Ribbit
  4163 | D:5      | Killed Prince Ribbit
  4164 | D:5      | Reached skill level 9 in Axes
  4221 | D:5      | Reached skill level 5 in Shields
  4291 | D:5      | Noticed Eustachio
  4306 | D:5      | Killed Eustachio
  4376 | D:5      | Found Gufref's Serpentskin Sales.
  4636 | D:5      | Reached skill level 10 in Axes
  4731 | D:5      | Reached XP level 9. HP: 63/75 MP: 9/9
  5499 | D:6      | Identified the +5 great mace of Summer {heavy, *Slow rF+++
                  | rCorr}
  5500 | D:6      | Noticed randomguy2701's ghost (novice HOFi)
  5503 | D:6      | Found a transporter.
  5549 | D:6      | Found Gesukem's Magic Scroll Shop.
  5600 | D:6      | Reached * piety under Beogh
  5605 | D:6      | Found a hide-covered altar of Uskayaw.
  5726 | D:6      | Found a transporter.
  6083 | D:6      | Found an ancient bone altar of Kikubaaqudgha.
  6106 | D:6      | Reached skill level 1 in Stealth
  6231 | D:6      | Reached skill level 11 in Axes
  6836 | D:7      | Reached ** piety under Beogh
  6900 | D:7      | Found a sparkling altar of Nemelex Xobeh.
  6900 | D:7      | Found a glowing silver altar of Zin.
  6936 | D:7      | Reached skill level 12 in Axes
  6951 | D:7      | Found Myunn's CLEARANCE SALE!.
  6958 | D:7      | Bought the +0 plate armour "Mofobb" {Harm rCorr} for 142
                  | gold pieces
  7030 | D:7      | Found a staircase to the Ecumenical Temple.
  7045 | D:7      | Found a blossoming altar of Fedhas.
  7227 | D:8      | Reached XP level 10. HP: 68/86 MP: 10/10
  7425 | D:8      | Reached skill level 13 in Axes
  7673 | D:8      | Found a staircase to the Lair.
  7677 | D:8      | Noticed Grum
  7688 | D:8      | Killed Grum
  9010 | D:9      | Reached *** piety under Beogh
  9105 | D:9      | Identified the +7 quarterstaff of Locus Delicti {heavy,
                  | rElec rPois Will+++ Int-4}
  9113 | D:9      | Noticed a centaur warrior
  9121 | D:9      | Noticed a tengu warrior
  9141 | D:9      | Killed a tengu warrior
  9142 | D:9      | Reached XP level 11. HP: 27/95 MP: 8/11
  9358 | D:9      | Noticed a cyclops
  9373 | D:9      | Killed a cyclops
  9380 | D:9      | Reached skill level 14 in Axes
  9506 | D:9      | Identified the +1 robe of the Game of Life {Dex+3}
  9515 | D:9      | Got the Tractate on the Shifting Crevasse
  9634 | D:9      | Noticed Palms's ghost (journeyman FoFi)
  9640 | D:9      | Found a runed translucent door.
  9641 | D:9      | Identified the staff of the Slimy God {rN+ Str+5 Necro}
  9750 | D:9      | Found a burning altar of Makhleb.
  9824 | D:9      | Noticed a deep elf zephyrmancer
  9832 | D:9      | Killed a deep elf zephyrmancer
  9915 | D:9      | Noticed a two-headed ogre
  9924 | D:9      | Killed a two-headed ogre
  9925 | D:9      | Reached skill level 10 in Armour
  9942 | D:9      | Identified the ring of Teuptuit {rElec rN+ Int+2 Stlth+}
  9942 | D:9      | Noticed a skeletal warrior
  9953 | D:9      | Killed a skeletal warrior
  9954 | D:9      | Reached skill level 1 in Invocations
 10342 | D:9      | Found a glowing golden altar of the Shining One.
 10597 | D:9      | Reached skill level 1 in Evocations
 10877 | D:9      | Found a staircase to the Orcish Mines.
 11178 | Lair:1   | Entered Level 1 of the Lair of Beasts
 11495 | Lair:1   | Reached **** piety under Beogh
 11612 | Lair:1   | Gained Warrok as an ally
 11619 | Lair:1   | Slain by a komodo dragon

Illustrated notes

Levels and vault maps discovered:
D:1:      minmay_arrival_open_corners, layout_basic, kennysheep_small_spiral
D:2:      layout_rooms, dreamdust_ecumenical_altar_drowned_temple,
          corner_web_ring
D:3:      layout_basic, general_overflow_altar, portal_sewer_entry_b,
          serial_bayou_lagoon_a
D:4:      layout_basic, nicolae_ru_the_path_less_chosen, serial_shops,
          kennysheep_mini
D:5:      layout_cave_pods, serial_shops, nicolae_stop_n_shop_2,
          gammafunk_ghost_hive, guppyfry_shop_venom, uniq_eustachio,
          uniq_prince_ribbit1
D:6:      layout_cave_pods, mainiacjoe_overflow_cross_hatched,
          tgw_kikubaaqudgha, gammafunk_ghost_smash, serial_shops,
          nicolae_shop_real_fake_doors, serial_column_ruins,
          column_ruins_courtyard_long, column_ruins_hut_ruined,
          column_ruins_columns_plus, column_ruins_open_small,
          column_ruins_columns_dead_end, column_ruins_grid_1, minmay_pentangle
D:7:      layout_rooms, kennysheep_little_box,
          chequers_temple_overflow_statue_of_worship, temple_pool_b,
          serial_rivers, chequers_serial_rivers_micro_c,
          chequers_serial_rivers_micro_a, chequers_serial_rivers_micro_a,
          chequers_serial_rivers_small_b, chequers_serial_rivers_small_3,
          chequers_serial_rivers_micro_d, nicolae_shop_clearance
D:8:      layout_rooms, lair_entry_dummy, uniq_grum
D:9:      minmay_the_grid_4x2 [minmay_the_grid_outer_diamond,
          minmay_the_grid_minigrid_large, minmay_the_grid_spin_star,
          minmay_the_grid_diamond_grid, minmay_the_grid_box_x,
          minmay_the_grid_tree, minmay_the_grid_eight,
          minmay_the_grid_prize_four_corners_diamond_b], layout_loops_corners,
          mainiacjoe_overflow_24_doors,
          mainiacjoe_overflow_concentric_impassable, david_orc_4,
          hellmonk_ghost_big_iron, minmay_misc_feat_rugged
Lair:1:   layout_hall_layers, enter_volcano_3

Skill      XL: |  1  2  3  4  5  6  7  8  9 10 11 |
---------------+----------------------------------+-----
Axes           | 3 4 5 6 7 10 12 13 14 | 14.5
Fighting       | 4 5 6 7 8 9 |  9.6
Shields        | 4 5 6 7 |  7.8
Armour         | 4 5 6 7 9 11 | 11.1
Dodging        | 1 2 3 |  3.6
Stealth        | 1 |  1.4
Invocations    | 3 |  3.4
Evocations     | 1 |  1.4

Action                     |  1- 3 |  4- 6 |  7- 9 | 10-12 || total
---------------------------+-------+-------+-------+-------++-------
  Melee: War axe           |    89 |   145 |   406 |       ||   640
         Hand axe          |       |       |    11 |   268 ||   279
 Invoke: Convert to Beogh  |       |       |     1 |       ||     1
         Smiting           |       |       |       |     1 ||     1
         Recall Orcish Fol |       |       |       |     1 ||     1
  Evoke: Wand              |       |       |       |     6 ||     6
    Use: Potion            |       |     3 |       |       ||     3
         Scroll            |       |       |     7 |       ||     7
   Stab: Distracted        |       |       |       |     1 ||     1
 Armour: Scale mail        |    35 |    57 |   209 |       ||   301
         Plate armour      |       |       |     9 |   167 ||   176
  Dodge: Dodged            |    61 |    82 |   343 |   132 ||   618
  Block: Buckler           |    18 |    33 |    98 |    70 ||   219

Table legend: (Time is in decaauts)
 A = Elapsed time spent in this place.
 B = Non-inter-level travel time spent in this place.
 C = Inter-level travel time spent in this place.
 D = Time resting spent in this place.
 E = Time spent auto-exploring this place.
 F = Levels seen in this place.
 G = Mean time per level.
                   A        B        C        D        E       F      G
               +--------+--------+--------+--------+--------+-----+--------+
         Total |  11893 |  11290 |    603 |   1050 |   8329 |  11 | 1081.2 |
       Dungeon |  10370 |   9767 |    603 |    973 |   7267 |   9 | 1152.2 |
          Lair |    333 |    333 |      0 |     77 |    185 |   1 |  333.0 |
         Sewer |   1190 |   1190 |      0 |      0 |    876 |   1 | 1190.0 |
               +--------+--------+--------+--------+--------+-----+--------+

Top non-repeatable levels by time:
     D:9: 2249 daAuts
     D:8: 1696 daAuts
     D:5: 1316 daAuts
     D:6: 1226 daAuts
   Sewer: 1190 daAuts
     D:3: 1075 daAuts
     D:4: 1038 daAuts
     D:7: 799 daAuts
     D:1: 513 daAuts
     D:2: 454 daAuts
  Lair:1: 333 daAuts
